 Dungeon Crawl Stone Soup version 0.31-a0-188-g5e087ee2ca (webtiles) character file.

Game seed: 3681780652630557132

153 qw the Skirmisher (level 5, 0/29 HPs)
             Began as a Deep Elf Hunter on June 23, 2023.
             Killed from afar by an orc wizard (10 damage)
             ... with a magic dart
             ... on level 4 of the Dungeon.
             The game lasted 00:00:58 (2618 turns).

qw the Skirmisher (Deep Elf Hunter)                 Turns: 2618, Time: 00:00:59

Health: 0/29       AC:  3    Str: 10    XL:     5   Next: 12%
Magic:  7/7        EV: 12    Int: 14    God:
Gold:   126        SH:  0    Dex: 18    Spells: 4/4 levels left

rFire   . . .        Y - +0 longbow
rCold   . . .        (shield currently unavailable)
rNeg    . . .        c - +0 leather armour
rPois   .            (no helmet)
rElec   .            (no cloak)
rCorr   +            (no gloves)
SInv    .            (no boots)
Will    .....        (no amulet)
Stlth   ++           d - ring of resist corrosion
HPRegen 0.24/turn    (no ring)
MPRegen 0.10/turn

%: no passive effects
@: no status effects
A: no striking features
a: no special abilities


You were on level 4 of the Dungeon.
You visited 1 branch of the dungeon, and saw 4 of its levels.

You collected 181 gold pieces.
You spent 55 gold pieces at shops.


   Skills:
 - Level 1.5 Fighting
 + Level 8.5 Ranged Weapons
 - Level 2.4 Dodging
 - Level 1.2 Stealth


You had 4 spell levels left.
You didn't know any spells.
Your spell library was empty.

Inventory:

Hand Weapons
 Y - a +0 longbow (weapon)
Armour
 c - a +0 leather armour (worn)
 l - a +1 ring mail of willpower
Jewellery
 d - a ring of resist corrosion (left hand)
Scrolls
 h - a scroll of identify
 i - 3 scrolls of teleportation
 k - a scroll of amnesia {unknown}
Potions
 a - a potion of resistance
 b - a potion of might
 e - 2 potions of heal wounds
 f - a potion of haste {unknown}
 g - a potion of mutation {unknown}

Dungeon Overview and Level Annotations

Branches:
Dungeon (4/15)
 Temple: D:4-7

Altars:
Ashenzari
Cheibriados
Wu Jian

Shops:
D:3 ?


Message History

The orc wizard is severely wounded.
The orc wizard hits you with a +0 dagger.
The orc wizard misses you.
You shoot an arrow.
The arrow closely misses the orc wizard.
The orc wizard gestures at you while chanting.
You are confused.
2611 ||| DRINKING potion of curing.
You feel better.
2611 ||| (to cure confusion)
The orc wizard casts a spell.
The orc wizard flickers and vanishes!
Deactivating autopickup; reactivate with Ctrl-A.
You shoot an arrow.
You hear some strange, mumbled words.
A magic dart appears from out of thin air!
The magic dart hits you!
You shoot an arrow.
You hear some strange, mumbled words.
You are confused.
You hear some strange, mumbled words.
Something tries to affect you, but you resist.
You shoot an arrow. Something hits you.
You shoot an arrow.
You hear some strange, mumbled words.
A puff of flame appears from out of thin air!
The puff of flame hits you. Something hits you but does no damage.
You shoot an arrow. Something hits you.
You shoot an arrow.
You feel less confused. Something barely misses you.
You shoot an arrow.
You hear some strange, mumbled words.
A magic dart appears from out of thin air!
The magic dart hits you.
You hear some strange, mumbled words.
A magic dart appears from out of thin air!
The magic dart hits you!
You die...

#...... #..... #.....
#.... .... ..####### ..
###{##....##..
#..@..........
..#.............
...'..>.)........
....######..).##. ...
#...##....# .. #...##....#
. #.........#
#############........###
....[.......#.......###ยค#


There were no monsters in sight!

Vanquished Creatures
  An orc priest (D:4)
  2 adders
  2 worms (D:2)
  2 dart slugs
  12 orcs
  6 ball pythons
  7 endoplasms
  3 giant cockroaches
  7 goblins
  7 hobgoblins
  3 jackals (D:3)
  4 quokkas
  8 bats
  2 frilled lizards
  9 kobolds
  4 rats
79 creatures vanquished.

Notes
Turn   | Place    | Note
-------+----------+-------------------------------------------
     0 | D:1      | qw the Deep Elf Hunter began the quest for the Orb.
     0 | D:1      | Reached XP level 1. HP: 12/12 MP: 3/3
     0 | D:1      | 0 ||| qw: Version: 0.3-a-9-g12657ce
     0 | D:1      | 0 ||| qw: Game counter: 3908
     0 | D:1      | 0 ||| qw: Always use a shield: true
     0 | D:1      | 0 ||| qw: God list: Okawaru
     0 | D:1      | 0 ||| qw: Allow faded altars: false
     0 | D:1      | 0 ||| qw: Do Orc after D:15 true
     0 | D:1      | 0 ||| qw: Do second Lair branch before Depths: true
     0 | D:1      | 0 ||| qw: Lair rune preference: random
     0 | D:1      | 0 ||| qw: Plans: Normal
     0 | D:1      | 0 ||| PLANNING D:1-11
   123 | D:1      | Reached XP level 2. HP: 16/16 MP: 4/4
   136 | D:1      | Reached skill level 6 in Ranged Weapons
   554 | D:1      | 554 ||| READING scroll labelled EMENE UGOXI.
   555 | D:1      | 555 ||| DRINKING 2 lumpy green potions.
   556 | D:1      | 556 ||| DROPPING scroll of butterflies.
   602 | D:2      | Found a faded altar of an unknown god.
   651 | D:2      | 651 ||| FLEEEEING.
   663 | D:2      | 663 ||| FLEEEEING.
   667 | D:2      | 667 ||| STAIRDANCE
   673 | D:1      | 673 ||| DROPPING ring of flight.
   684 | D:2      | You fall into a shaft and drop 1 floor!
   704 | D:3      | Reached XP level 3. HP: 20/20 MP: 5/5
   711 | D:3      | Found a broken altar of Ashenzari.
   785 | D:3      | 785 ||| SWAPPING to +0 longbow.
   786 | D:3      | 786 ||| DROPPING +0 shortbow.
   920 | D:3      | Reached skill level 7 in Ranged Weapons
  1011 | D:3      | Found Kitof's Magic Scroll Shop.
  1021 | D:3      | 1021 ||| SHOPLISTING scroll of acquirement (572 gold, have
                  | 68).
  1021 | D:3      | 1021 ||| SHOPLISTING scroll of brand weapon (104 gold, have
                  | 68).
  1021 | D:3      | 1021 ||| BUYING scroll of identify (22 gold).
  1021 | D:3      | Bought a scroll of identify for 22 gold pieces
  1021 | D:3      | 1021 ||| BUYING scroll of teleportation (33 gold).
  1021 | D:3      | Bought a scroll of teleportation for 33 gold pieces
  1024 | D:3      | 1024 ||| UPGRADING to ring of resist corrosion.
  1025 | D:3      | 1025 ||| READING scroll labelled OPIAPSIR SUHOPAPSA.
  1026 | D:3      | 1026 ||| READING scroll labelled EDAFEMI GOAR.
  1033 | D:3      | 1033 ||| FLEEEEING.
  1042 | D:3      | 1042 ||| STAIRDANCE
  1349 | D:2      | Reached XP level 4. HP: 25/25 MP: 6/6
  1871 | D:2      | 1871 ||| READING scroll labelled DELLEQ JUMUOPH.
  1872 | D:2      | 1872 ||| DRINKING 2 black potions.
  1873 | D:2      | 1873 ||| DRINKING 3 emerald potions.
  1977 | D:2      | 1977 ||| READING 2 scrolls of identify.
  1977 | D:2      | 1977 ||| IDENTIFYING grey potion
  1978 | D:2      | 1978 ||| DROPPING 2 potions of berserk rage.
  2268 | D:3      | Found a snail-covered altar of Cheibriados.
  2391 | D:3      | 2391 ||| DRINKING 2 fizzy yellow potions.
  2434 | D:4      | Reached skill level 8 in Ranged Weapons
  2554 | D:4      | Found an ornate altar of the Wu Jian Council.
  2586 | D:4      | Reached XP level 5. HP: 26/29 MP: 7/7
  2608 | D:4      | 2608 ||| DRINKING 2 potions of curing.
  2608 | D:4      | 2608 ||| (to cure confusion)
  2611 | D:4      | 2611 ||| DRINKING potion of curing.
  2611 | D:4      | 2611 ||| (to cure confusion)
  2618 | D:4      | Killed from afar by an orc wizard

Levels and vault maps discovered:
D:1:      ncdulo_halloftheorcs, layout_basic
D:2:      layout_loops_corners, ebering_ecumenical_altar_sacrificial,
          bh_walls_and_bars
D:3:      layout_basic, nicolae_ashenzari_panopticon,
          mainiacjoe_overflow_catwalk, serial_shops, shop, serial_bayou_lagoon_a
D:4:      layout_gridville, pdpol_wu_jian_five_deadly_venoms,
          mainiacjoe_overflow_big_doors, amcnicky_altar_gilded

Skill      XL: |  1  2  3  4 |
---------------+-------------+-----
Ranged Weapons | 6 7 8 |  8.5
Fighting       | |  1.5
Dodging        | |  2.4
Stealth        | |  1.2

Action                     |  1- 3 |  4- 6 || total
---------------------------+-------+-------++-------
   Fire: Shortbow          |    64 |       ||    64
         Longbow           |    46 |    84 ||   130
    Use: Scroll            |     3 |     2 ||     5
         Potion            |     1 |     5 ||     6
 Armour: Leather armour    |     2 |     6 ||     8
  Dodge: Dodged            |    12 |    13 ||    25

Table legend:
 A = Non-vault XP
 B = Vault XP
 C = Vault XP percentage of total XP
 D = Non-vault monster count
 E = Vault monster count
 F = Vault count percentage of total count
                 A         B        C        D         E       F
            +---------+---------+-------+---------+---------+-------
      Total |     219 |       0 |   0.0 |      79 |       0 |   0.0
            +---------+---------+-------+---------+---------+-------
        D:1 |      33 |       0 |   0.0 |      19 |       0 |   0.0
        D:2 |      61 |       0 |   0.0 |      25 |       0 |   0.0
        D:3 |      54 |       0 |   0.0 |      23 |       0 |   0.0
        D:4 |      71 |       0 |   0.0 |      12 |       0 |   0.0
            +---------+---------+-------+---------+---------+-------
